 Dungeon Crawl Stone Soup version 0.31.0-11-ge490571c62 (webtiles) character file.

Game seed: 14020860292463392522

79 qw the Shooter (level 4, -3/25 HPs)
             Began as a Deep Elf Hunter on Feb 4, 2024.
             Slain by Terence
             ... wielding a +2 flail of holy wrath
              (7 damage)
             ... on level 2 of the Dungeon.
             The game lasted 00:00:28 (1293 turns).

qw the Shooter (Deep Elf Hunter)                    Turns: 1293, Time: 00:00:28

Health: -3/25      AC:  4    Str: 10    XL:     4   Next: 16%
Magic:  6/6        EV: 12    Int: 14    God:
Gold:   89         SH:  0    Dex: 18    Spells: 3/3 levels left

rFire   . . .        a - +1 shortbow
rCold   . . .        (shield currently unavailable)
rNeg    . . .        c - +0 leather armour
rPois   .            (no helmet)
rElec   .            (no cloak)
rCorr   .            f - +0 pair of gloves
SInv    .            (no boots)
Will    .....        (no amulet)
Stlth   ++           (no ring)
HPRegen 0.24/turn    (no ring)
MPRegen 0.10/turn

%: no passive effects
@: no status effects
A: no striking features
a: no special abilities


You were on level 2 of the Dungeon.
You visited 1 branch of the dungeon, and saw 2 of its levels.

You collected 89 gold pieces.


   Skills:
 - Level 1.5 Fighting
 + Level 7.6 Ranged Weapons
 - Level 2.4 Dodging
 - Level 1.2 Stealth


You had 3 spell levels left.
You didn't know any spells.
Your spell library was empty.

Inventory:

Hand Weapons
 a - a +1 shortbow (weapon)
Armour
 c - a +0 leather armour (worn)
 f - a +0 pair of gloves (worn)
Potions
 e - a potion of curing {unknown}

Dungeon Overview and Level Annotations

Branches:
Dungeon (2/15)

Altars:

Annotations:
D:2 Terence


Message History

Terence hits you with a +2 flail of holy wrath.
You shoot an arrow. The arrow hits Terence.
Terence is lightly wounded.
Terence hits you with a +2 flail of holy wrath.
You shoot an arrow. The arrow barely misses Terence.
Terence misses you.
You shoot an arrow. The arrow hits Terence!
Terence is heavily wounded.
Terence shouts, "Get ready for death!"
Terence barely misses you.
You shoot an arrow.
The arrow hits Terence but does no damage.
Terence is heavily wounded.
Terence hits you but does no damage.
You shoot an arrow. The arrow hits Terence.
Terence is heavily wounded.
Terence closely misses you.
You shoot an arrow. The arrow barely misses Terence.
Terence completely misses you.
You shoot an arrow.
The arrow hits Terence but does no damage.
Terence is heavily wounded.
Terence hits you with a +2 flail of holy wrath!
You shoot an arrow.
The arrow hits Terence but does no damage.
Terence is heavily wounded.
Terence hits you with a +2 flail of holy wrath!
You shoot an arrow.
The arrow hits Terence but does no damage.
Terence is heavily wounded.
Terence hits you with a +2 flail of holy wrath.
You shoot an arrow. The arrow hits Terence.
Terence is severely wounded.
Terence barely misses you.
You shoot an arrow.
The arrow hits Terence but does no damage.
Terence is severely wounded.
Terence hits you with a +2 flail of holy wrath!
You die...
Terence says, "Rest in peace."

# #.....# #
#..#..# #
#.#..## #
#....# # #.#.##
# ###.### #.
....# #.###
...## #.@.###
..## #@..###
..# ###...#####
..# ..
###.....### ..#
#. ##.##...##
### ..
#..#..#...##
##.
#.##.####...##
#..
..#..#..###...
##### #.#
#.##.##....##.#
#...# #.###
..#..#..#..#..#


You could see Terence.

Vanquished Creatures
  A bombardier beetle (D:2)
  3 dart slugs
  A ribbon worm (D:2)
  4 ball pythons
  3 endoplasms
  4 goblins
  4 hobgoblins
  3 jackals (D:1)
  A quokka (D:1)
  2 bats (D:1)
  4 frilled lizards
  4 kobolds
  8 rats
42 creatures vanquished.

Notes
Turn   | Place    | Note
-------+----------+-------------------------------------------
     0 | D:1      | qw the Deep Elf Hunter began the quest for the Orb.
     0 | D:1      | Reached XP level 1. HP: 12/12 MP: 3/3
     0 | D:1      | 0 ||| qw: Version: 0.3-a-160-g6735b56
     0 | D:1      | 0 ||| qw: Game counter: 5725
     0 | D:1      | 0 ||| qw: Melee chars always use a shield: true
     0 | D:1      | 0 ||| qw: God list: Okawaru
     0 | D:1      | 0 ||| qw: Allow faded altars: false
     0 | D:1      | 0 ||| qw: Do Orc after clearing Dungeon:15 true
     0 | D:1      | 0 ||| qw: Do second Lair branch before Depths: true
     0 | D:1      | 0 ||| qw: Lair rune preference: random
     0 | D:1      | 0 ||| qw: Goals: Normal
     0 | D:1      | 0 ||| PLANNING D:1-11
   109 | D:1      | Reached XP level 2. HP: 16/16 MP: 4/4
   119 | D:1      | Reached skill level 6 in Ranged Weapons
   304 | D:1      | Reached XP level 3. HP: 17/20 MP: 5/5
   453 | D:1      | You fall into a shaft and drop 1 floor!
   483 | D:2      | Reached skill level 7 in Ranged Weapons
   596 | D:2      | Found a faded altar of an unknown god.
   710 | D:2      | Reached XP level 4. HP: 23/25 MP: 6/6
   820 | D:2      | 820 ||| UPGRADING to +0 pair of gloves.
   825 | D:2      | 825 ||| READING scroll labelled ATSALY HYTHRE.
   825 | D:2      | 825 ||| ENCHANTING +0 shortbow.
   826 | D:2      | 826 ||| READING scroll labelled REM ZUUNOTEHO.
   827 | D:2      | 827 ||| READING scroll labelled WIEREI WATSEE.
   830 | D:2      | 830 ||| DROPPING scroll of butterflies.
  1094 | D:1      | 1094 ||| READING scroll labelled JIUSUNW UGREUC.
  1094 | D:1      | 1094 ||| IDENTIFYING amethyst potion
  1095 | D:1      | 1095 ||| DROPPING potion of attraction.
  1281 | D:2      | Noticed Terence
  1291 | D:2      | HP: 4/25 [Terence/+2 flail of holy wrath (5)]
  1293 | D:2      | Slain by Terence

Levels and vault maps discovered:
D:1:      dpeg_arrival_pond, layout_loops_ring, serial_glass, glass_columns_c,
          glass_columns_b, hangedman_abyss_or_decor_lesser_grid, st_stairs_1
D:2:      minmay_skewed_foursquare, layout_basic,
          shapermc_ecumenical_altar_pompeii, minmay_misc_feat_rugged,
          due_unseen_surprise, uniq_robin, uniq_terence, uniq_crazy_yiuf_cottage

Skill      XL: |  1  2  3 |
---------------+----------+-----
Ranged Weapons | 6 7 |  7.6
Fighting       | |  1.5
Dodging        | |  2.4
Stealth        | |  1.2

Action                     |  1- 3 |  4- 6 || total
---------------------------+-------+-------++-------
   Fire: Shortbow          |    86 |    34 ||   120
    Use: Scroll            |       |     4 ||     4
 Armour: Leather armour    |    17 |    11 ||    28
  Dodge: Dodged            |    22 |     8 ||    30

Table legend:
 A = Non-vault XP
 B = Vault XP
 C = Vault XP percentage of total XP
 D = Non-vault monster count
 E = Vault monster count
 F = Vault count percentage of total count
                 A         B        C        D         E       F
            +---------+---------+-------+---------+---------+-------
      Total |     102 |      11 |   9.7 |      34 |       8 |  19.0
            +---------+---------+-------+---------+---------+-------
        D:1 |      42 |       3 |   6.7 |      24 |       3 |  11.1
        D:2 |      60 |       8 |  11.8 |      10 |       5 |  33.3
            +---------+---------+-------+---------+---------+-------
